 Dungeon Crawl Stone Soup version 0.27.1-34-g3ba077fa99 (webtiles) character file.

Game seed: 17065305995782614274

109 cbfl8 the Sneak (level 4, 0/40 HPs)
             Began as a Minotaur Delver on Jan 16, 2022.
             Slain by an ice beast (8 damage)
             ... on level 3 of the Dungeon.
             The game lasted 00:06:59 (3863 turns).

cbfl8 the Sneak (Minotaur Delver)                   Turns: 3863, Time: 00:07:00

Health: 0/40       AC:  8    Str: 17    XL:     4   Next: 59%
Magic:  3/3        EV:  6    Int:  8    God:
Gold:   110        SH:  3    Dex: 11    Spells: 3/3 levels left

rFire    . . .     SeeInvis .   j - +2 dagger (freeze)
rCold    . . .     Faith    .   q - +0 buckler
rNeg     . . .     Spirit   .   l - +0 chain mail
rPois    .         Reflect  .   (helmet restricted)
rElec    .         Harm     .   (no cloak)
rCorr    .         Rampage  .   (no gloves)
Will     .....                  (no boots)
Stlth    ..........             (no amulet)
HPRegen  0.13/turn              (no ring)
MPRegen  0.08/turn              (no ring)

@: no status effects
A: horns 2, retaliatory headbutt
a: no special abilities


You were on level 3 of the Dungeon.
You visited 1 branch of the dungeon, and saw 5 of its levels.

You collected 110 gold pieces.

Inventory:

Hand Weapons
 a - a +0 hand axe
 j - a +2 dagger of freezing (weapon)
 r - a +0 short sword of holy wrath
Armour
 b - a +0 leather armour
 l - a +0 chain mail (worn)
 p - a +0 ring mail
 q - a +0 buckler (worn)
Wands
 g - a wand of digging (3)
Scrolls
 c - 3 scrolls of fog
 d - 2 scrolls of magic mapping
 e - a scroll of fear
 h - a scroll of amnesia {unknown}
 i - a scroll of enchant weapon {unknown}
 k - a scroll of teleportation
 n - a scroll of identify {unknown}
 o - a scroll of holy word {unknown}
Potions
 f - 2 potions of haste
 m - a potion of mutation {unknown}


   Skills:
 + Level 4.1 Fighting
 + Level 3.8 Axes
 + Level 1.7 Armour
 + Level 2.3 Dodging
 + Level 4.8 Stealth
 + Level 0.1 Shields


You had 3 spell levels left.
You didn't know any spells.
Your spell library contained the following spells:

 Spells                   Type           Power      Damage    Failure   Level
 Petrify                  Tmut/Erth      0%         N/A       100%        4
 Metabolic Englaciation   Hex/Ice        0%         N/A       100%        5
 Statue Form              Tmut/Erth      0%         N/A       100%        6


Dungeon Overview and Level Annotations

Branches:
Dungeon (5/15)
 Temple: D:4-7

Altars:


Innate Abilities, Weirdness & Mutations

You have a pair of horns on your head.
You reflexively headbutt those who attack you in melee.


Message History

You closely miss the ice beast.
You headbutt the ice beast, but do no damage.
The ice beast is lightly wounded.
The ice beast hits you but does no damage.
You hit the ice beast but do no damage. You headbutt the ice beast!
The ice beast is heavily wounded.
The ice beast hits you but does no damage.
You completely miss the ice beast.
The ice beast is moderately wounded.
You block the ice beast's attack.
You hit the ice beast but do no damage. You headbutt the ice beast.
The ice beast is heavily wounded.
The ice beast hits you. The ice beast freezes you.
You block the ice beast's attack.
You hit the ice beast. Your headbutt misses the ice beast.
The ice beast is heavily wounded.
You block the ice beast's attack.
You hit the ice beast. Your headbutt misses the ice beast.
The ice beast is heavily wounded.
The ice beast hits you but does no damage.
You hit the ice beast but do no damage.
The ice beast is heavily wounded.
The ice beast hits you but does no damage.
You hit the ice beast but do no damage.
The ice beast is heavily wounded.
The ice beast hits you but does no damage.
You hit the ice beast but do no damage.
The ice beast is heavily wounded.
The ice beast closely misses you. You furiously retaliate!
You headbutt the ice beast. You closely miss the ice beast.
The ice beast is severely wounded.
The ice beast hits you. The ice beast freezes you!
* * * LOW HITPOINT WARNING * * *
You hit the ice beast but do no damage.
The ice beast is heavily wounded.
The ice beast hits you.
* * * LOW HITPOINT WARNING * * *
The ice beast freezes you!
You die...

#..P...P.♣
#♣#P..P.♣♣ .##
#####.### ...
)..))...# ..# #
....)..## #.#.#
#.....## ##.#.
##...## ... ##'##
#Y# #.# #@# ###.#
########.#
.##.#####........#
..........########
......#####
##...## ###.## #
#.# #.#


You could see an ice beast.

Vanquished Creatures
  An orc priest (D:3)
  An adder skeleton (D:4)
  A worm (D:3)
  3 dart slugs
  5 orcs (D:3)
  11 bats
  3 endoplasms (D:1)
  A giant cockroach (D:1)
  7 goblins (D:1)
  5 hobgoblins
  10 kobolds
  2 quokkas
  4 ball pythons
  6 frilled lizards
  3 rats
  2 bushes (D:3)
65 creatures vanquished.

Vanquished Creatures (others)
  19 plants (D:3)
19 creatures vanquished.

Grand Total: 84 creatures vanquished

Notes
Turn   | Place    | Note
-------+----------+-------------------------------------------
     0 | D:5      | cbfl8 the Minotaur Delver began the quest for the Orb.
     0 | D:5      | Reached XP level 1. HP: 19/19 MP: 0/0
   105 | D:1      | Reached XP level 2. HP: 26/27 MP: 1/1
   630 | D:1      | Reached XP level 3. HP: 28/33 MP: 2/2
  2075 | D:2      | Found a faded altar of an unknown god.
  2586 | D:3      | Reached skill level 1 in Armour
  3286 | D:3      | Reached XP level 4. HP: 40/40 MP: 3/3
  3841 | D:3      | Noticed an ice beast
  3863 | D:3      | Slain by an ice beast

Illustrated notes

Levels and vault maps discovered:
D:1:      lemuel_arrival_funnel, layout_loops_ring
D:2:      layout_basic, shapermc_ecumenical_altar_mp_highgroup,
          nrook_loot_triangle, minivault_5, grunt_ministairs_1,
          palyth_stone_intersect
D:3:      layout_loops_corners, st_stairs_14, lexackson_kobold_supper
D:4:      layout_basic, mainiacjoe_overflow_surrounded_room, uniq_grinder
D:5:      layout_gridville, zin_statuary, gammafunk_temple_overflow_statue,
          serial_park_tiny_pond, uniq_edmund

Skill      XL: |  1  2  3 |
---------------+----------+-----
Axes           | 3 |  3.8
Fighting       | 4 |  4.1
Armour         | 1 |  1.7
Dodging        | |  2.3
Stealth        | |  4.8
Shields        | |  0.1

Action                   |  1- 3 |  4- 6 || total
-------------------------+-------+-------++-------
Melee: Hand axe          |   124 |       ||   124
       Headbutt          |    12 |    62 ||    74
       Dagger            |     7 |   187 ||   194
  Use: Potion            |     2 |       ||     2
       Scroll            |     1 |       ||     1
 Stab: Sleeping          |     3 |       ||     3
Armor: Leather armour    |     9 |       ||     9
       Chain mail        |    88 |    14 ||   102
Dodge: Dodged            |    74 |    10 ||    84
Block: Buckler           |     3 |     9 ||    12
